 Dungeon Crawl Stone Soup version 0.18.1-50-g88ac8fd (webtiles) character file.

95 ololoev the Magician (level 4, -4/24 HPs)
             Began as a Deep Elf Earth Elementalist on Dec 2, 2016.
             Killed by nerve-wracking pain
             ... invoked by Grinder
              (9 damage)
             ... while paralysed by Grinder
             ... on level 3 of the Dungeon.
             The game lasted 00:05:02 (575 turns).

ololoev the Magician (Deep Elf Earth Elementalist)   Turns: 575, Time: 00:05:03

Health: -4/24      AC:  2    Str:  5    XL:     4   Next: 39%
Magic:  10/13      EV:  2    Int: 21    God:
Gold:   62         SH:  0    Dex: 15    Spells: 3 memorised, 7 levels left

rFire  . . .     SeeInvis .     b - 39 stones
rCold  . . .     Gourm    .     a - +0 robe
rNeg   . . .     Faith    .     (no shield)
rPois  .         Spirit   .     (no helmet)
rElec  .         Dismiss  .     (no cloak)
rCorr  .         Reflect  .     (no gloves)
SustAt .         Harm     .     (no boots)
MR     .....                    (no amulet)
Stlth  ++........               (no ring)
                                (no ring)

@: paralysed, not resistant to hostile enchantments, unstealthy
A: no striking features
a: no special abilities

Inventory:

Hand Weapons
 e - a +0 dagger
Missiles
 b - 39 stones (in hand)
 j - 4 javelins (quivered)
Armour
 a - a +0 robe (worn)
Scrolls
 h - 2 scrolls of fear
Potions
 f - a potion of cancellation {unknown}
 g - a potion of might
 i - 2 potions of cure mutation
Books
 c - a book of Geomancy

   Spells                             Type                      Level
   a - Sandblast                      Earth                        1
   b - Passwall                       Transmutation/Earth          2
   c - Stone Arrow                    Conjuration/Earth            3
   d - Petrify                        Transmutation/Earth          4
   e - Lee's Rapid Deconstruction     Earth                        5
Comestibles
 d - a bread ration
 k - a royal jelly
 l - a meat ration


   Skills:
 - Level 2.4 Dodging
 - Level 2.4 Stealth
 * Level 5.0 Spellcasting
 * Level 1.8 Conjurations
 - Level 1.1 Transmutations
 + Level 4.1 Earth Magic


You had 7 spell levels left.
You knew the following spells:

 Your Spells              Type           Power        Failure   Level  Hunger
a - Sandblast             Erth           ###...       1%          1    None
b - Stone Arrow           Conj/Erth      ###...       12%         3    ##.....
w - Passwall              Trmt/Erth      ###.......   8%          2    None


You were on level 3 of the Dungeon.
You were not hungry.

You visited 1 branch of the dungeon, and saw 3 of its levels.

You collected 62 gold pieces.

..#.. .#.. ...
#.. # #..
##..#..#########
........<..5...(
...#.#5########
#@# #..#.# #[#
#.. ## ###

Notes
Turn   | Place    | Note
--------------------------------------------------------------
     0 | D:1      | ololoev the Deep Elf Earth Elementalist began the quest for the Orb.
     0 | D:1      | Reached XP level 1. HP: 10/10 MP: 6/6
   159 | D:1      | Reached XP level 2. HP: 14/15 MP: 4/8
   167 | D:1      | Learned a level 2 spell: Passwall
   207 | D:1      | Reached skill level 4 in Spellcasting
   325 | D:2      | Reached XP level 3. HP: 17/19 MP: 2/10
   330 | D:2      | Learned a level 3 spell: Stone Arrow
   359 | D:2      | ReniFell: umer!
   359 | D:2      | Sapher: yea...without any good reason
   359 | D:2      | ReniFell: kak je tak...
   359 | D:2      | ololoev: гиппогриф заклевал
   372 | D:2      | Noticed Terence
   397 | D:2      | Killed Terence
   397 | D:2      | Reached skill level 1 in Conjurations
   397 | D:2      | Reached XP level 4. HP: 13/24 MP: 1/12
   414 | D:2      | Noticed Jessica
   416 | D:2      | Found a burning altar of Makhleb.
   420 | D:2      | Killed Jessica
   420 | D:2      | Reached skill level 5 in Spellcasting
   561 | D:3      | Noticed Grinder
   573 | D:3      | Paralysed by Grinder for 3 turns
   575 | D:3      | Killed from afar by Grinder

Dungeon Overview and Level Annotations

Branches:
Dungeon (3/15)

Altars:
Makhleb

Annotations:
D:3 Grinder


Message History

Confirm with . or Enter, or press ? or * to list all spells.
Aiming: Sandblast
Press: ? - help, Shift-Dir - straight line, f - Jessica
Aim: Jessica, wearing a robe (resting)
The rocky blast hits Jessica.
Jessica is heavily wounded.
Jessica casts a spell.
Jessica seems to speed up.
Casting: Sandblast
Confirm with . or Enter, or press ? or * to list all spells.
Aiming: Sandblast
Press: ? - help, Shift-Dir - straight line, f/p - Jessica
Aim: Jessica, wearing a robe (heavily wounded, fast)
The rocky blast hits Jessica.
You kill Jessica!
Your Spellcasting skill increases to level 5!
Casting: Sandblast
Confirm with . or Enter, or press ? or * to list all spells.
You can't see any susceptible monsters within range! (Use Z to cast anyway.)
f - a smoky sapphire potion
Okay, then.
Found 11 gold pieces.
You now have 29 gold pieces (gained 11).
b - 42 stones (gained 30)
You now have 39 gold pieces (gained 10).
Magic restored.
HP restored.
Found 14 arrows.
Found 12 gold pieces.
i - 2 potions of cure mutation (gained 1)
You now have 51 gold pieces (gained 12).
Found a meat ration.
Found a stone staircase leading down.
l - a meat ration
There is a stone staircase leading down here.
You climb downwards.
Grinder comes into view.
Found 11 gold pieces and a leather armour.
There is a stone staircase leading up here.
You now have 62 gold pieces (gained 11).
Grinder shouts!
There is a stone staircase leading up here.
Throwing (i - inventory. (,) - cycle):
j - 6 javelins (quivered)
Press: ? - help, Shift-Dir - straight line, f - Grinder
Aim: Grinder You throw a javelin.
The javelin barely misses Grinder.
Throwing (i - inventory. (,) - cycle):
j - 5 javelins (quivered)
Press: ? - help, Shift-Dir - straight line, f/p - Grinder
Aim: Grinder You throw a javelin.
The javelin hits Grinder but does no damage.
Unknown command.
Casting: Sandblast
Confirm with . or Enter, or press ? or * to list all spells.
Aiming: Sandblast
Press: ? - help, Shift-Dir - straight line, f/p - Grinder
Aim: Grinder The rocky blast hits Grinder.
Grinder is lightly wounded.
Casting: Sandblast
Confirm with . or Enter, or press ? or * to list all spells.
Aiming: Sandblast
Press: ? - help, Shift-Dir - straight line, f/p - Grinder
Aim: Grinder (lightly wounded)
The rocky blast hits Grinder.
Grinder is lightly wounded.
Grinder hits you!
You writhe in agony. x2
Casting: Sandblast
Confirm with . or Enter, or press ? or * to list all spells.
Aiming: Sandblast
Press: ? - help, Shift-Dir - straight line, f/p - Grinder
Aim: Grinder (lightly wounded)
The rocky blast hits Grinder.
Grinder is moderately wounded.
Grinder gestures at you.
You suddenly lose the ability to move!
Grinder hits you.
You writhe in agony.
Grinder gestures at you. Pain shoots through your body!
You die...

You could see Grinder.

Vanquished Creatures
  Terence (D:2)
  Jessica (D:2)
  An adder (D:2)
  An ooze (D:1)
  A worm (D:2)
  A dart slug (D:1)
  A giant gecko (D:1)
  A giant cockroach (D:2)
  4 goblins
  4 hobgoblins
  A quokka (D:2)
  A ball python (D:1)
  2 bats (D:1)
  3 kobolds (D:1)
  2 rats (D:1)
25 creatures vanquished.

Action                   |  1- 3 |  4- 6 || total
-------------------------+-------+-------++-------
Throw: Javelin           |     2 |     2 ||     4
       Stone             |     1 |       ||     1
 Cast: Sandblast         |    34 |     6 ||    40
  Use: Scroll            |     5 |       ||     5
Dodge: Dodged            |    10 |       ||    10

Vault maps used:
D:1:      evilmike_arrival_crescent, minmay_misc_feat_plants,
          hangedman_decor_lopped
D:2:      lemuel_coloured_pillars_altar, johnstein_pakellas_dig, uniq_jessica,
          uniq_crazy_yiuf_cottage, uniq_terence
D:3:      uniq_grinder
